 Dungeon Crawl Stone Soup version 0.14-a0-817-g3f7b0b1 (webtiles) character file.

192 Malachi the Covered (level 4, -2/35 HPs)
             Began as a Djinni Fighter on Nov 12, 2013.
             Slain by a gnoll
             ... wielding a +0,+0 halberd
              (13 damage)
             ... on Level 3 of the Dungeon.
             The game lasted 00:02:37 (2104 turns).

Malachi the Covered (Djinni Fighter)                Turns: 2104, Time: 00:02:37

HP  -2/35        AC 11     Str 17      XL: 4   Next: 41%
MP   0/0         EV  2     Int  9      God:
Gold 96          SH 18     Dex 12      Spells:  0 memorised,  3 levels left

Res.Fire  : + + +   See Invis. : .   a - +0 falchion
Res.Cold  : x . .   Warding    : .   h - +0 plate armour
Life Prot.: + + +   Conserve   : .   c - +0 shield
Res.Poison: .       Res.Corr.  : .   (no helmet)
Res.Elec. : .       Clarity    : .   (no cloak)
Sust.Abil.: . .     Spirit.Shd : .   (no gloves)
Res.Mut.  : .       Stasis     : .   (boots unavailable)
Res.Rott. : .       Flight     : +   (no amulet)
Saprovore : . . .                    (no ring)
                                     (no ring)

@: flying, slightly resistant to hostile enchantments, extremely unstealthy
A: fire immunity, cold vulnerability, life protection 3
a: no special abilities


You were on level 3 of the Dungeon.
You were not hungry.

You visited 1 branch of the dungeon, and saw 3 of its levels.

You collected 96 gold pieces.

Inventory:

Hand weapons
 a - a +0,+0 falchion (weapon)
Armour
 c - a +0 shield (worn)
 h - a +0 plate armour (worn)
Scrolls
 d - 2 scrolls of teleportation
 g - a scroll of curse weapon {unknown}
 j - a scroll of blinking {unknown}
 k - a scroll of enchant armour {unknown}
Jewellery
 i - an uncursed amulet of guardian spirit {unknown}
Potions
 b - a potion of might {unknown}
 e - a potion of brilliance
 f - 4 potions of curing


   Skills:
 + Level 2.8 Fighting
 + Level 2.4 Long Blades
 + Level 4.1 Armour
 + Level 1.1 Dodging
 + Level 0.1 Stealth
 + Level 3.9 Shields


You had 3 spell levels left.
You didn't know any spells.

Dungeon Overview and Level Annotations

Branches:
Dungeon (3/27)

Altars:
Ashenzari
Trog
Zin


Innate Abilities, Weirdness & Mutations

You are immune to all types of fire, even holy and hellish.
You are vulnerable to cold.
You need no food.
You have no legs.
You are immune to negative energy.


Message History

A gnoll comes into view. It is wielding a spear.
Your plate armour prevents you from hitting the orc.
The orc is almost dead.
The gnoll shouts!
You block the gnoll's attack. The orc hits you with an orcish club.
A gnoll comes into view. It is wielding a whip.
You hit the orc but do no damage.
The orc is almost dead.
The orc completely misses you. The gnoll hits you but does no damage.
You block the gnoll's attack.
The gnoll moves out of view.
A rat comes into view.
You hit the orc.
You kill the orc!
The rat moves out of view.
The gnoll hits you from afar with a spear.
The gnoll hits you but does no damage.
There is a stone staircase leading up here.
Items here: %% ( )) [ The gnoll hits you from afar with a halberd!
You die...

....## #?.....
##......#
....... .....#
#....# #
#.#####[...#....
#....((......##.
#####@#(o.......
#..).###.....##
#.#gg# .....#
....rg# ....#
##..#'## .....
...... ...
###... # ...
#...


You could see 3 gnolls and a rat.

Vanquished Creatures
  An orc wizard (D:3)
  Ijyb (D:2)
  An adder (D:2)
  2 giant geckos (D:2)
  An ooze (D:1)
  2 orcs (D:3)
  5 bats
  2 giant cockroaches (D:1)
  5 hobgoblins (D:1)
  A quokka (D:2)
  2 giant newts
  12 goblins
  6 kobolds
  2 rats
43 creatures vanquished.

Notes
Turn   | Place    | Note
--------------------------------------------------------------
     0 | D:1      | Malachi, the Djinni Fighter, began the quest for the Orb.
     0 | D:1      | Reached XP level 1. HP: 16/16 MP: 0/0
   257 | D:1      | Reached XP level 2. EP: 9/22
   876 | D:1      | Reached skill level 4 in Armour
   998 | D:2      | Reached XP level 3. EP: 10/29
  1384 | D:2      | Noticed Ijyb
  1396 | D:2      | Killed Ijyb
  1728 | D:2      | Found a bloodstained altar of Trog.
  1729 | D:2      | Found a glowing silver altar of Zin.
  1731 | D:2      | Found a shattered altar of Ashenzari.
  1801 | D:2      | Reached skill level 1 in Dodging
  1837 | D:2      | Reached XP level 4. EP: 33/35
  2104 | D:3      | Slain by a gnoll

Action                   |  1- 3 |  4- 6 || total
-------------------------+-------+-------++-------
Melee: Falchion          |   144 |    25 ||   169
  Use: Scroll            |     3 |       ||     3
       Potion            |     1 |       ||     1
